 Dungeon Crawl Stone Soup version 0.31.0-11-ge490571c62 (webtiles) character file.

Game seed: 15554854028995457279

366 SmokeWeed the Charlatan (level 6, -4/30 HPs)
             Began as a Spriggan Artificer on Feb 3, 2024.
             Slain by a two-headed ogre
             ... wielding a +0 giant club
              (9 damage)
             ... on level 4 of the Dungeon.
             The game lasted 00:10:59 (2394 turns).

SmokeWeed the Charlatan (Spriggan Artificer)        Turns: 2394, Time: 00:11:00

Health: -4/30      AC:  2    Str: 14    XL:     6   Next: 40%
Magic:  7/7        EV: 20    Int: 20    God:
Gold:   228        SH:  0    Dex: 16    Spells: 5/5 levels left

rFire   . . .        s - +2 dagger (flame)
rCold   . . .        (no shield)
rNeg    . . .        b - +0 robe
rPois   .            (helmet restricted)
rElec   .            (no cloak)
rCorr   .            (gloves unavailable)
SInv    +            (boots unavailable)
Will    +....        (no amulet)
Stlth   +++          n - +6 ring of intelligence
HPRegen 0.25/turn    m - +6 ring of strength
MPRegen 0.10/turn

%: no passive effects
@: very quick
A: very small, no large weapons, unfitting armour, see invisible, speed 3
a: no special abilities


You were on level 4 of the Dungeon.
You visited 1 branch of the dungeon, and saw 4 of its levels.

You collected 228 gold pieces.

Inventory:

Hand Weapons
 a - a +0 club
 j - a +0 hand axe
 l - a +2 whip
 p - a +1 whip of electrocution
 r - a +3 short sword
 s - a +2 dagger of flaming (weapon)
 v - a +0 hand axe of flaming
 z - a +2 whip of venom
Missiles
 h - 2 poisoned darts
 t - 6 curare-tipped darts
Armour
 b - a +0 robe (worn)
Jewellery
 k - a ring of fire
 m - a +6 ring of strength (right hand)
 n - a +6 ring of intelligence (left hand)
 q - a ring of willpower
Wands
 c - a wand of flame (4)
 d - a wand of charming (22) (quivered)
 e - a wand of iceblast (4)
Scrolls
 f - 5 scrolls of teleportation
 y - a scroll of enchant armour {unknown}
Potions
 g - 2 potions of cancellation {unknown}
 i - 3 potions of lignification {unknown}
 o - a potion of magic {unknown}
 u - a potion of brilliance {unknown}
 w - 3 potions of heal wounds {unknown}
 x - 2 potions of curing {unknown}


   Skills:
 + Level 1.0 Fighting
 + Level 1.0 Short Blades
 + Level 0.3 Axes
 + Level 1.5 Throwing
 * Level 5.7 Dodging
 * Level 5.4 Stealth
 * Level 6.0 Evocations


You had 5 spell levels left.
You didn't know any spells.
Your spell library contained the following spells:

 Spells                   Type           Power      Damage    Failure   Level
 Inner Flame              Hex/Fire       0%         N/A       50%         3
 Flame Wave               Conj/Fire      0%         2d4       88%         4
 Sticky Flame             Fire/Alch      0%         2d4       88%         4


Dungeon Overview and Level Annotations

Branches:
Dungeon (4/15)
 Temple: D:4-7

Altars:
Dithmenos
Elyvilon
Kikubaaqudgha

Shops:
D:1 !

Portals:
Abyss: D:1***


Innate Abilities, Weirdness & Mutations

You are very small and have problems with some larger weapons.
You are too small for most types of armour.
You have supernaturally acute eyesight. (SInv)
You cover ground extremely quickly. (Speed+++)


Message History

Found an escape hatch in the floor.
There is an open door here.
The helpless adder fails to defend itself.
You impale the adder!! You burn the adder.
You kill the adder!
Your Evocations skill increases to level 6!
No target in view!
A kobold comes into view. It is wielding a +0 dagger.
You see here 7 stones.
The kobold shouts!
The kobold closely misses you.
You hit the kobold. You burn the kobold.
You kill the kobold!
Your Short Blades skill increases to level 1!
No target in view!
No target in view!
Things that are here:
a +0 dagger; 2 stones; a kobold corpse A goblin comes into view.
It is wielding a +0 club.
Found 12 gold pieces.
A two-headed ogre comes into view. It is wielding two +0 giant clubs.
The helpless goblin fails to defend itself.
You impale the goblin!! You burn the goblin.
You kill the goblin!
No target in view!
No target in view!
You now have 228 gold pieces (gained 12).
You see here a +0 club. 2 orcs come into view.
An orc comes into view. It is wielding a +0 mace.
An orc wizard and an orc come into view.
The helpless two-headed ogre fails to defend itself.
You impale the two-headed ogre!! You burn the two-headed ogre.
The two-headed ogre is heavily wounded.
The orc shouts! x2
The two-headed ogre hits you with a +0 giant club!!
Ouch! That really hurt!
* * * LOW HITPOINT WARNING * * *
The two-headed ogre hits you with a +0 giant club!
You die...

..#)####...##### ###
#.#.# #....##
#...##.#.## #.....#
#.#.......# #.#..##
#...##.#.....###.##
##.###.##...## ##.#
.##..##.# ###.###.##
........# #.#.##
####.#### #.@.# #.###
#..O..# #.#.##
#.......#
####....####.....o...#
.).........+...o.....+
####....####o........#
#.#.## ##.o.....##
#.### ##.o...## ...


You could see a two-headed ogre, an orc wizard (wandering) and 4 orcs.

Vanquished Creatures
  Sigmund (D:2)
  A bombardier beetle (D:3)
  A hound (D:4)
  Terence (D:2)
  6 adders
  3 dart slugs
  6 orcs
  A bat (D:2)
  4 endoplasms
  2 giant cockroaches
  6 goblins
  7 hobgoblins
  2 jackals (D:1)
  6 kobolds
  2 quokkas
  5 ball pythons
  A frilled lizard (D:1)
  6 rats
61 creatures vanquished.

Vanquished Creatures (collateral kills)
  An orc (D:4)
  A hobgoblin (D:4)
2 creatures vanquished.

Vanquished Creatures (others)
  An orc (D:4)
1 creature vanquished.

Grand Total: 64 creatures vanquished

Notes
Turn   | Place    | Note
-------+----------+-------------------------------------------
     0 | D:1      | SmokeWeed the Spriggan Artificer began the quest for the
                  | Orb.
     0 | D:1      | Reached XP level 1. HP: 9/9 MP: 2/2
    97 | D:1      | Reached XP level 2. HP: 14/14 MP: 3/3
   183 | D:1      | Found Giczatar's Distillery.
   669 | D:2      | Reached XP level 3. HP: 17/17 MP: 4/4
   774 | D:2      | Noticed Sigmund
   776 | D:2      | Noticed Terence
   778 | D:2      | Killed Sigmund
   779 | D:2      | Reached skill level 5 in Dodging
   779 | D:2      | Reached skill level 5 in Evocations
   779 | D:2      | Reached XP level 4. HP: 8/21 MP: 5/5
   779 | D:2      | Reached XP level 5. HP: 10/25 MP: 6/6
   882 | D:2      | Killed Terence
   883 | D:2      | Reached skill level 1 in Throwing
  1305 | D:3      | Found a white marble altar of Elyvilon.
  1322 | D:3      | Reached skill level 1 in Fighting
  1804 | D:3      | Reached XP level 6. HP: 30/30 MP: 7/7
  1883 | D:3      | Reached skill level 5 in Stealth
  1896 | D:3      | Found an ancient bone altar of Kikubaaqudgha.
  2287 | D:4      | Found a shadowy altar of Dithmenos.
  2324 | D:4      | Reached skill level 6 in Evocations
  2357 | D:4      | Reached skill level 1 in Short Blades
  2374 | D:4      | Noticed a two-headed ogre
  2394 | D:4      | Slain by a two-headed ogre

Illustrated notes

Levels and vault maps discovered:
D:1:      minmay_arrival_glassed_features, layout_rooms, serial_shops, shop
D:2:      layout_rooms, kennysheep_nub, uniq_sigmund, uniq_terence
D:3:      layout_basic, marbit_many_paths, elyvilon_altar_5
D:4:      layout_loops_corners, grunt_dithmenos_smoke

Skill      XL: |  1  2  3  4  5  6 |
---------------+-------------------+-----
Stealth        | 2 4 5 |  5.4
Dodging        | 4 5 |  5.7
Evocations     | 5 6 |  6.0
Throwing       | 1 |  1.5
Fighting       | 1 |  1.0
Short Blades   | 1 |  1.0
Axes           | |  0.3

Action                     |  1- 3 |  4- 6 || total
---------------------------+-------+-------++-------
  Melee: Club              |    23 |       ||    23
         Whip              |    43 |       ||    43
         Hand axe          |    12 |       ||    12
         Dagger            |       |   112 ||   112
         Short sword       |       |    10 ||    10
         Punch             |       |     1 ||     1
  Throw: Dart              |       |     7 ||     7
  Evoke: Wand              |     7 |     7 ||    14
    Use: Scroll            |     3 |     4 ||     7
   Stab: Sleeping          |     4 |    10 ||    14
 Armour: Robe              |    22 |    24 ||    46
  Dodge: Dodged            |    74 |    85 ||   159
